cohdb
Replays
Latest Replays
All Replays
Popular Replays
Top Player Replays
Match Explorer
How It Works
Community
CoH3 Stats
Reddit
Sign in to upload your games and track your stats! →
Sign in with Steam
Match 46972873
Unlisted
Match 46972873
Overview
Messages
Build Orders
End
Kradschützen Motorcycle Team
Panzergrenadier Squad
Panzergrenadier Squad
Construct Light Support Kompanie
Fire Support Elements
Panzerjäger Squad
Flakvierling Half-track
Selects Panzerjäger Kommand Battlegroup
Selects Mine Fields
Selects Tank Busters
2.5-tonne Medical Truck
Veteran Squad Leaders
Vehicle Survival Package
Selects Defensive Positions
le.IG 18 Mechanized Group
Construct Panzerarmee Kommand
Selects Butterfly Bomb Drop
Butterfly Bomb Drop
Walking Stuka Rocket Launcher
Selects Crew Shock Tactics
2.5-tonne Medical Truck
Panzergrenadier Squad
Emergency Repair Kits
BALCK_9
Safety First
PutPut-AutistInPerfection
Thib_Soldier
0
0
Comments
sign in to comment!
No comments posted yet!